 Dungeon Sprint DCSS version 0.23.0 (webtiles) character file.

Game seed: 1105095935578685927

1213 Infinimo the Martial Artist (level 8, -4/67 HPs)
             Began as a Merfolk Transmuter on Feb 17, 2019.
             Slain by a demonic crawler (7 damage)
             ... in the Dungeon (Sprint I: "Red Sonja").
             The game lasted 00:02:11 (934 turns).

Infinimo the Martial Artist (Merfolk Transmuter)     Turns: 934, Time: 00:02:12

Health: -4/67      AC:  2    Str: 13    XL:     8   Next: 46%
Magic:  6/11       EV: 18    Int: 12    God:
Gold:   312        SH:  0    Dex: 14    Spells: 2/11 levels left

rFire    . . .     SeeInvis .     - Unarmed
rCold    . . .     Gourm    .   (shield currently unavailable)
rNeg     . . .     Faith    .   k - +0 robe {MR+}
rPois    .         Spirit   .   (no helmet)
rElec    .         Reflect  .   (no cloak)
rCorr    .         Harm     .   (gloves currently unavailable)
MR       +....     NoTele   +   (no boots)
Stlth    +.........             (no amulet)
HPRegen  0.21/turn              (no ring)
MPRegen  0.12/turn              (no ring)

@: blade hands
A: change form in water, swift swim, stealthy swim
a: End Transformation


You were in the Dungeon.
You were very hungry.
You had blades for hands.
You visited 1 branch You collected 419 gold pieces.
You spent 107 gold pieces at shops.

Inventory:

Missiles
 a - 12 arrows
Armour
 k - a +0 robe of magic resistance (worn)
Scrolls
 j - a scroll of blinking
Potions
 c - a potion of lignification {unknown}
 e - a potion of curing
 f - a potion of heal wounds
 g - a potion of haste
 h - 2 potions of magic
Comestibles
 d - a ration


   Skills:
 + Level 7.1 Fighting
 + Level 8.9 Dodging
 + Level 13.1 Unarmed Combat
 - Level 2.0 Spellcasting
 - Level 13.0 Transmutations


You had 2 spell levels left.
You knew the following spells:

 Your Spells              Type           Power        Failure   Level  Hunger
a - Beastly Appendage     Tmut           ####..       8%          1    ##.....
b - Spider Form           Tmut/Pois      ###.......   34%         3    ####...
c - Blade Hands           Tmut           ####......   28%         5    ######.

Your spell library contained the following spells:

 Spells                   Type           Power        Failure   Level  Hunger
 Sticks to Snakes         Tmut           ####....     9%          2    ###....
 Ice Form                 Ice/Tmut       ###.....     61%         4    #####..


Dungeon Overview and Level Annotations

Branches:
Dungeon (1/1)

Altars:
Cheibriados
Dithmenos
Elyvilon
Fedhas
Gozag
Hepliaklqana
Kikubaaqudgha
Makhleb
Nemelex Xobeh
Okawaru
Qazlal
Ru
Sif Muna
Trog
Uskayaw
Vehumet
Wu Jian
Xom
Yredelemnul
Zin
The Shining One
Jiyva
Lugonu

Shops:
D *


Message History

Okay, then.
You open the door. 4 demonic crawlers come into view.
The demonic crawler gives a hideous shriek! x3
Casting: Blade Hands (safe; 3% risk of failure)
Confirm with . or Enter, or press ? or * to list all spells.
Your hands turn into razor-sharp scythe blades.
The demonic crawler hits you! x2; The demonic crawler hits you.
The demonic crawler hits you!
There is an open door, spattered with blood here.
Items here: )) [[ †† The demonic crawler is heavily wounded.
The demonic crawler hits you. x2; The demonic crawler hits you!
The demonic crawler hits you.
* * * LOW HITPOINT WARNING * * *
The demonic crawler is almost dead.
The demonic crawler hits you!
* * * LOW HITPOINT WARNING * * *
The demonic crawler hits you!
You die...

######################
..').#.)'..#__#.@ss..#
).#..'..#..'..'.s#s..##+#
####'#####'#__####...'..#
###..#...#.#### #####..+
__####..##.# ##
__§§§##'#_.+ _.§§§§§..._#
_.§§§##_.#+# __§§§###+#


You could see 4 demonic crawlers.

Vanquished Creatures
  2 kobold demonologists (D)
  A slime creature (D)
  Sigmund (D)
  A yak (D)
  A floating eye (D)
  An ogre (D)
  A jelly (D)
  Ijyb (D)
9 creatures vanquished.

Vanquished Creatures (others)
  A gargoyle (D)
1 creature vanquished.

Grand Total: 10 creatures vanquished

Notes
Turn   | Place    | Note
-------+----------+-------------------------------------------
     0 | D        | Infinimo the Merfolk Transmuter began the quest for the
                  | Orb.
     0 | D        | Reached XP level 1. HP: 15/15 MP: 3/3
     1 | D        | Noticed Ijyb
     8 | D        | Killed Ijyb
     8 | D        | Reached skill level 5 in Unarmed Combat
     8 | D        | Reached skill level 5 in Transmutations
     8 | D        | Reached XP level 2. HP: 21/21 MP: 5/5
     8 | D        | Reached XP level 3. HP: 26/26 MP: 6/6
     9 | D        | Noticed an ogre
    14 | D        | Killed an ogre
    14 | D        | Reached XP level 4. HP: 4/32 MP: 7/7
   311 | D        | Learned a level 3 spell: Spider Form
   312 | D        | Noticed Sigmund
   318 | D        | Killed Sigmund
   318 | D        | Reached skill level 10 in Unarmed Combat
   318 | D        | Reached XP level 5. HP: 27/37 MP: 4/8
   318 | D        | Reached XP level 6. HP: 32/43 MP: 4/9
   545 | D        | Killed a gargoyle
   564 | D        | Found a deep blue altar of Sif Muna.
   565 | D        | Found an ornate altar of the Wu Jian Council.
   567 | D        | Found a radiant altar of Vehumet.
   648 | D        | Found Ficwoz's General Store.
   648 | D        | Found an ancient bone altar of Kikubaaqudgha.
   648 | D        | Found a hazy altar of Hepliaklqana.
   648 | D        | Found a stormy altar of Qazlal.
   648 | D        | Found a hide-covered altar of Uskayaw.
   648 | D        | Found a blossoming altar of Fedhas.
   648 | D        | Found a bloodstained altar of Trog.
   648 | D        | Found an iron altar of Okawaru.
   648 | D        | Found a basalt altar of Yredelemnul.
   648 | D        | Found a glowing golden altar of the Shining One.
   648 | D        | Found a snail-covered altar of Cheibriados.
   648 | D        | Found a sacrificial altar of Ru.
   648 | D        | Found a glowing silver altar of Zin.
   648 | D        | Found a shadowy altar of Dithmenos.
   648 | D        | Found a white marble altar of Elyvilon.
   648 | D        | Noticed a yak
   653 | D        | Killed a yak
   653 | D        | Reached XP level 7. HP: 33/48 MP: 6/10
   745 | D        | Found an opulent altar of Gozag.
   746 | D        | Found a sparkling altar of Nemelex Xobeh.
   750 | D        | Bought a +0 robe of magic resistance for 107 gold pieces
   777 | D        | Learned a level 5 spell: Blade Hands
   779 | D        | Found a viscous altar of Jiyva.
   779 | D        | Found a corrupted altar of Lugonu.
   779 | D        | Noticed a slime creature
   780 | D        | Found a burning altar of Makhleb.
   780 | D        | Found a shimmering altar of Xom.
   787 | D        | Killed a slime creature
   787 | D        | Reached skill level 5 in Dodging
   863 | D        | Noticed a kobold demonologist
   865 | D        | Noticed a kobold demonologist
   870 | D        | Killed a kobold demonologist
   870 | D        | Reached skill level 5 in Fighting
   870 | D        | Reached XP level 8. HP: 64/64 MP: 5/11
   872 | D        | Killed a kobold demonologist
   927 | D        | Noticed a demonic crawler
   927 | D        | Noticed a demonic crawler
   927 | D        | Noticed a demonic crawler
   927 | D        | Noticed a demonic crawler
   934 | D        | HP: 3/67 [demonic crawler (12)]
   934 | D        | Slain by a demonic crawler

Skill      XL: |  1  2  3  4  5  6  7  8 |
---------------+-------------------------+-----
Unarmed Combat | 5 7 10 11 12 13 | 13.1
Transmutations | 5 8 11 13 | 13.0
Fighting       | 5 7 |  7.1
Dodging        | 7 8 |  8.9
Spellcasting   | |  2.0

Action                   |  1- 3 |  4- 6 |  7- 9 || total
-------------------------+-------+-------+-------++-------
Melee: Unarmed           |     7 |    11 |    12 ||    30
       Punch             |     1 |       |     2 ||     3
 Cast: Spider Form       |       |     3 |       ||     3
       Blade Hands       |       |       |     3 ||     3
  Use: Potion            |     1 |       |       ||     1
       Scroll            |       |       |     1 ||     1
Armor: Robe              |       |       |     1 ||     1
Dodge: Dodged            |     3 |     7 |     8 ||    18
